AoeStats
← 口古口古嘎嘎

Arena

509876199Analyzed
4v4 RM · 5d ago on Sep 28, 2026· 31m 34s· 8 players
Game mode
Random Map
Map size
Large (8 player)
Population
200
Speed
Normal
Resources
Standard
Victory
Conquest
Starting age
Dark Age
Ending age
Imperial Age
RankedLock teamsTeams togetherTeam positionsShared explorationLock speedFull tech treeHidden civsTurbo modeCheats
Victory
Defeat
🇨🇳 Varangians · China
1788
+10
🇦🇷 Danes · Argentina
1778
+10
🇨🇳 Vietnamese · China
1721
+12
🇨🇳 Koreans · China
1534
+20
🇩🇪 Turks · Germany
1767
-18
🇨🇴 Franks · Colombia
1611
-12
🇹🇷 Koreans · Türkiye
1576
-11
🇵🇹 Hindustanis · Portugal
1575
-11
DZT_白霜魔头
11:17 Feudal Age
12:00 Double-Bit Axe
11:56 Horse Collar
14:57 Castle Age
16:27 Bow Saw
16:18 Heavy Plow
20:35 Wheelbarrow
22:35 Gold Mining
23:26 Hand Cart
23:51 Scale Barding Armor
24:20 Husbandry
24:31 Bloodlines
26:10 Forging
26:37 Chain Barding Armor
32:06 Imperial Age
29:23 Town Watch
29:24 Loom
30:15 Squires
32:01 Scale Mail Armor
32:36 Iron Casting
31:23 Vendel Legacy
_Ares_大锤
9:57 Feudal Age
13:37 Castle Age
12:16 Double-Bit Axe
13:34 Horse Collar
15:05 Bow Saw
17:24 Loom
21:36 Wheelbarrow
21:51 Town Watch
22:21 Scale Barding Armor
23:16 Gold Mining
24:37 Stone Mining
25:23 Gold Shaft Mining
25:43 Heavy Plow
29:57 Imperial Age
27:29 Scale Mail Armor
27:00 Hamask
27:46 Squires
27:32 Gambesons
28:01 Arson
29:49 Chain Mail Armor
30:10 Forging
29:35 Pikeman
31:04 Conscription
31:33 Plate Mail Armor
30:38 Elite Varangian Guard
32:45 Iron Casting
32:48 Hoardings
钓鱼佬
5:38 Loom
8:19 Feudal Age
9:03 Double-Bit Axe
9:42 Fletching
19:44 Castle Age
18:11 Horse Collar
20:24 Bodkin Arrow
20:59 Gold Mining
21:53 Bow Saw
口古口古嘎嘎
10:19 Feudal Age
12:09 Loom
14:50 Castle Age
13:30 Double-Bit Axe
27:40 Bow Saw
30:31 Horse Collar
31:27 Wheelbarrow
The .Gocho
7:48 Loom
9:52 Feudal Age
14:50 Castle Age
14:04 Fletching
14:42 Double-Bit Axe
24:37 Bow Saw
27:21 Wheelbarrow
27:28 Gold Mining
27:31 Stone Mining
32:13 Imperial Age
29:49 Husbandry
30:04 Forging
30:00 Scale Barding Armor
30:34 Hand Cart
31:31 Iron Casting
31:57 Chain Barding Armor
31:24 Ordonnance Companies
31:30 Ordonnance Companies
LM \ Molle
11:37 Feudal Age
13:01 Double-Bit Axe
15:20 Castle Age
19:26 Imperial Age
17:14 Horse Collar
18:50 Bow Saw
29:48 Heavy Plow
29:40 Gold Mining
30:21 Loom
31:11 Wheelbarrow
30:21 Town Watch
冰人
10:48 Feudal Age
14:55 Castle Age
12:55 Horse Collar
13:53 Double-Bit Axe
16:16 Scale Barding Armor
16:13 Light Cavalry
21:01 Bow Saw
24:30 Chain Barding Armor
24:20 Forging
25:01 Wheelbarrow
24:42 Bloodlines
24:53 Husbandry
30:07 Imperial Age
28:43 Iron Casting
28:17 Padded Archer Armor
28:46 Hand Cart
28:17 Town Watch
29:20 Stone Mining
29:20 Gold Mining
29:31 Heavy Plow
29:18 Loom
30:33 Leather Archer Armor
31:47 Chemistry
vela
6:48 Loom
9:23 Feudal Age
10:54 Fletching
13:34 Double-Bit Axe
16:57 Wheelbarrow
17:09 Gold Mining
23:56 Castle Age
22:45 Forging
23:42 Scale Mail Armor
25:03 Chain Mail Armor
25:20 Squires
26:27 Bow Saw
28:10 Gold Shaft Mining
Connection lost

Rejoining the realm…

Still unreachable

The connection could not be restored.

Session expired

The server has moved on; the page needs a fresh start.